A+ - U26
VISALIA RAWHIDE @ PITTSBURG DIAMONDS
06/19/2052
 
TOP OF THE 1ST
Rancho Cucamonga Rattlers batting - Pitching for Lancaster JetHawks : RHP Eli Kridene
Pitching: RHP Eli Kridene
Batting: RHB Ned Barracato 0-0: Ball
1-0: Swinging Strike
1-1: Ball
2-1: Foul Ball, location: 2F
2-2: Foul Ball, location: 2F
2-2: Reached on error, E6 (Flyball, 6D, EV 83.8 MPH)
Batting: RHB Van Munoz 0-0: Ball
1-0: Foul Ball, location: 2F
1-1: Ball
2-1: Swinging Strike
2-2: Ball
3-2: Foul Ball, location: 2F
3-2: Ground out 4-3 (Groundball, 4S, EV 73.1 MPH)
Ned Barracato to second
Batting: RHB Adam Cross 0-0: Called Strike
0-1: Fly out, F9 (Line Drive, 9, EV 86.9 MPH)
Batting: RHB Yasiel Ramos 0-0: Fly out, F9 (Line Drive, 9, EV 90.0 MPH)
Top of the 1st over - 0 runs, 0 hits, 1 error, 1 left on base; Rancho Cucamonga 0 - Lancaster 0
BOTTOM OF THE 1ST
Lancaster JetHawks batting - Pitching for Rancho Cucamonga Rattlers : RHP Lincoln Riskin
Pitching: RHP Lincoln Riskin
Batting: RHB Joe Deshane 0-0: Ground out 6-3 (Groundball, 6M, EV 83.8 MPH)
Batting: RHB Ángelo Pérez 0-0: Ball
1-0: Ball
2-0: Ground out 4-3 (Groundball, 34D, EV 111.2 MPH)
Now at 2B: Van Munoz
Now at SS: Paul Biser
Batting: LHB Dennie Knapp 0-0: Called Strike
0-1: Called Strike
0-2: Fly out, F4 (Popup, 4, EV 69.4 MPH)
Bottom of the 1st over - 0 runs, 0 hits, 0 errors, 0 left on base; Rancho Cucamonga 0 - Lancaster 0
TOP OF THE 2ND
Rancho Cucamonga Rattlers batting - Pitching for Lancaster JetHawks : RHP Eli Kridene
Batting: LHB Jose Alberto Silva 0-0: Foul Ball, location: 2F
0-1: Ball
1-1: Reached on error, E4 (Groundball, 4D, EV 86.9 MPH)
Batting: RHB Jim Bosserman 0-0: Ball
1-0: Ball
2-0: Fielders Choice at 2nd, 4-6 (Groundball, 13, EV 85.6 MPH)
Batting: RHB Archer Stephenson 0-0: Grounds into double play, 5-4-3 (Groundball, 5, EV 101.9 MPH)
Top of the 2nd over - 0 runs, 0 hits, 1 error, 0 left on base; Rancho Cucamonga 0 - Lancaster 0
BOTTOM OF THE 2ND
Lancaster JetHawks batting - Pitching for Rancho Cucamonga Rattlers : RHP Lincoln Riskin
Batting: RHB Tucker Gregory 0-0: Ground out 6-3 (Groundball, 6, EV 93.1 MPH)
Batting: RHB Jazzy Salazaro 0-0: Ball
1-0: Ball
2-0: Foul Ball, location: 2F
2-1: Foul Ball, location: 2F
2-2: Strikes out swinging
Batting: RHB Logan Johnson 0-0: Swinging Strike
0-1: Ball
1-1: Swinging Strike
1-2: Strikes out swinging
Bottom of the 2nd over - 0 runs, 0 hits, 0 errors, 0 left on base; Rancho Cucamonga 0 - Lancaster 0
TOP OF THE 3RD
Rancho Cucamonga Rattlers batting - Pitching for Lancaster JetHawks : RHP Eli Kridene
Batting: LHB Cato Avila 0-0: Ground out U3 (Groundball, 3, EV 102.5 MPH)
Batting: RHB Rex Corso 0-0: Called Strike
0-1: Foul Ball, location: 2F
0-2: Ball
1-2: Foul Ball, location: 2F
1-2: Ball
2-2: Strikes out looking
Batting: LHB Paul Biser 0-0: Ball
1-0: Ball
2-0: Ball
3-0: Called Strike
3-1: Ground out 1-3 (Groundball, 13S, EV 65.6 MPH)
Top of the 3rd over - 0 runs, 0 hits, 0 errors, 0 left on base; Rancho Cucamonga 0 - Lancaster 0
BOTTOM OF THE 3RD
Lancaster JetHawks batting - Pitching for Rancho Cucamonga Rattlers : RHP Lincoln Riskin
Batting: LHB Willie Bonilla 0-0: Ball
1-0: Ground out 4-3 (Groundball, 4, EV 88.8 MPH)
Batting: RHB Milo Blackburn 0-0: Called Strike
0-1: Ground out 6-3 (Groundball, 6, EV 90.0 MPH)
Batting: RHB Cuauhtémoc Morin 0-0: Ball
1-0: Called Strike
1-1: Fly out, F8 (Line Drive, 8LM, EV 105.6 MPH)
Bottom of the 3rd over - 0 runs, 0 hits, 0 errors, 0 left on base; Rancho Cucamonga 0 - Lancaster 0
TOP OF THE 4TH
Rancho Cucamonga Rattlers batting - Pitching for Lancaster JetHawks : RHP Eli Kridene
Batting: RHB Van Munoz 0-0: Foul Ball, location: 2F
0-1: Ball
1-1: Ball
2-1: Called Strike
2-2: Foul Ball, location: 2F
2-2: Foul Ball, location: 2F
2-2: Ball
3-2: Foul Ball, location: 2F
3-2: Fly out, F9 (Flyball, 9LM, EV 97.5 MPH)
Batting: RHB Adam Cross 0-0: Swinging Strike
0-1: Foul Ball, location: 2F
0-2: Fly out, F6 (Popup, 6M, EV 75.6 MPH)
Batting: RHB Yasiel Ramos 0-0: Ball
1-0: Foul Ball, location: 2F
1-1: Foul Ball, location: 2F
1-2: Ball
2-2: Foul Ball, location: 2F
2-2: Foul Ball, location: 2F
2-2: Ball
3-2: Foul Ball, location: 2F
3-2: Base on Balls
Batting: LHB Jose Alberto Silva 0-0: Ground out 4-3 (Groundball, 34, EV 86.9 MPH)
Top of the 4th over - 0 runs, 0 hits, 0 errors, 1 left on base; Rancho Cucamonga 0 - Lancaster 0
BOTTOM OF THE 4TH
Lancaster JetHawks batting - Pitching for Rancho Cucamonga Rattlers : RHP Lincoln Riskin
Batting: RHB Joe Deshane 0-0: Called Strike
0-1: Ball
1-1: Ball
2-1: Foul Ball, location: 2F
2-2: Ball
3-2: Foul Ball, location: 2F
3-2: Foul Ball, location: 2F
3-2: Foul Ball, location: 2F
3-2: Base on Balls
Batting: RHB Ángelo Pérez 0-0: Ball
1-0: Fly out, F6 (Flyball, 56D, EV 91.9 MPH)
Batting: LHB Dennie Knapp 0-0: Ball
1-0: Ball
2-0: Ball
3-0: Called Strike
3-1: Foul Ball, location: 2F
3-2: Strikes out swinging
Joe Deshane steals 2nd, throwing error, E2
Joe Deshane to third
Batting: RHB Tucker Gregory 0-0: Called Strike
0-1: Fly out, F4 (Popup, 4, EV 55.0 MPH)
Bottom of the 4th over - 0 runs, 0 hits, 1 error, 1 left on base; Rancho Cucamonga 0 - Lancaster 0
TOP OF THE 5TH
Rancho Cucamonga Rattlers batting - Pitching for Lancaster JetHawks : RHP Eli Kridene
Batting: RHB Jim Bosserman 0-0: Ball
1-0: Called Strike
1-1: Ball
2-1: SOLO HOME RUN (Flyball, 78XD, EV 110.0 MPH), Distance : 427 ft
Batting: RHB Archer Stephenson 0-0: Ball
1-0: Fly out, F7 (Flyball, 7LS, EV 86.2 MPH)
Batting: LHB Cato Avila 0-0: Ball
1-0: Called Strike
1-1: Called Strike
1-2: Ball
2-2: Ball
3-2: Fly out, F8 (Flyball, 78D, EV 101.9 MPH)
Batting: RHB Rex Corso 0-0: Called Strike
0-1: Swinging Strike
0-2: Foul Ball, location: 2F
0-2: Strikes out swinging
Top of the 5th over - 1 run, 1 hit, 0 errors, 0 left on base; Rancho Cucamonga 1 - Lancaster 0
BOTTOM OF THE 5TH
Lancaster JetHawks batting - Pitching for Rancho Cucamonga Rattlers : RHP Lincoln Riskin
Batting: RHB Jazzy Salazaro 0-0: Foul Ball, location: 2F
0-1: Ball
1-1: Ground out 3-1 (Groundball, 34S, EV 91.9 MPH)
Batting: RHB Logan Johnson 0-0: Swinging Strike
0-1: Called Strike
0-2: DOUBLE (Flyball, 8LXD, EV 102.5 MPH)
Batting: LHB Willie Bonilla 0-0: Foul Ball, location: 2F
0-1: Foul Ball, location: 2F
0-2: Ball
1-2: Foul Ball, location: 2F
1-2: Strikes out swinging
Batting: RHB Milo Blackburn 0-0: Ball
1-0: Ground out 3-1 (Groundball, 34, EV 103.1 MPH)
Bottom of the 5th over - 0 runs, 1 hit, 0 errors, 1 left on base; Rancho Cucamonga 1 - Lancaster 0
TOP OF THE 6TH
Rancho Cucamonga Rattlers batting - Pitching for Lancaster JetHawks : RHP Eli Kridene
Batting: LHB Paul Biser 0-0: Ground out U3 (Groundball, 3, EV 103.1 MPH)
Batting: RHB Van Munoz 0-0: Ground out 1-3 (Groundball, P, EV 67.5 MPH)
Batting: RHB Adam Cross 0-0: Called Strike
0-1: Ball
1-1: Foul Ball, location: 2F
1-2: Ball
2-2: Ball
3-2: Foul Ball, location: 2F
3-2: SINGLE (Line Drive, 34D, EV 105.6 MPH)
Pitching: RHP Max Carrera
Batting: RHB Yasiel Ramos 0-0: Called Strike
0-1: Ball
1-1: DOUBLE (Line Drive, 78XD, EV 105.0 MPH)
Adam Cross to third
Runner from 3rd tries for Home, SAFE, no throw by LF
Batting: LHB Jose Alberto Silva 0-0: SINGLE (Groundball, 3S, EV 71.9 MPH) (infield hit)
Yasiel Ramos to third
Batting: RHB Jim Bosserman 0-0: Foul Ball, location: 2F
0-1: Ball
1-1: Called Strike
1-2: Foul Ball, location: 2F
1-2: Strikes out swinging
Top of the 6th over - 1 run, 3 hits, 0 errors, 2 left on base; Rancho Cucamonga 2 - Lancaster 0
BOTTOM OF THE 6TH
Lancaster JetHawks batting - Pitching for Rancho Cucamonga Rattlers : RHP Lincoln Riskin
Batting: RHB Cuauhtémoc Morin 0-0: Foul Ball, location: 2F
0-1: Ball
1-1: Fly out, F9 (Flyball, 9LS, EV 85.0 MPH)
Batting: RHB Joe Deshane 0-0: Ball
1-0: Ball
2-0: Called Strike
2-1: Called Strike
2-2: Ground out 1-3 (Groundball, 25, EV 68.8 MPH)
Batting: RHB Ángelo Pérez 0-0: Called Strike
0-1: Foul Ball, location: 2F
0-2: SINGLE (Groundball, 6D, EV 101.9 MPH)
Batting: LHB Dennie Knapp 0-0: Foul Ball, location: 2F
0-1: DOUBLE (Line Drive, 8LD, EV 107.5 MPH)
Ángelo Pérez to third
Runner from 3rd tries for Home, SAFE, no throw by CF
Batting: RHB Tucker Gregory 0-0: Called Strike
0-1: Called Strike
0-2: Ball
Passed Ball!
Dennie Knapp to third
1-2: Strikes out swinging
Bottom of the 6th over - 1 run, 2 hits, 0 errors, 1 left on base; Rancho Cucamonga 2 - Lancaster 1
TOP OF THE 7TH
Rancho Cucamonga Rattlers batting - Pitching for Lancaster JetHawks : RHP Max Carrera
Batting: RHB Archer Stephenson 0-0: Called Strike
0-1: Ball
1-1: Ball
2-1: Ball
3-1: Called Strike
3-2: Ground out 6-3 (Groundball, 6S, EV 94.4 MPH)
Batting: LHB Cato Avila 0-0: Called Strike
0-1: Ball
1-1: Foul Ball, location: 2F
1-2: Ball
2-2: SOLO HOME RUN (Line Drive, 9LD, EV 98.1 MPH), Distance : 375 ft
Batting: RHB Rex Corso 0-0: Ball
1-0: Ball
2-0: Ball
3-0: Base on Balls
Batting: LHB Paul Biser 0-0: Ball
1-0: Ball
2-0: Called Strike
2-1: Grounds into double play, 5-4-3 (Groundball, 5, EV 104.4 MPH)
Top of the 7th over - 1 run, 1 hit, 0 errors, 0 left on base; Rancho Cucamonga 3 - Lancaster 1
BOTTOM OF THE 7TH
Lancaster JetHawks batting - Pitching for Rancho Cucamonga Rattlers : RHP Lincoln Riskin
Batting: RHB Jazzy Salazaro 0-0: Called Strike
0-1: Called Strike
0-2: Ball
1-2: Foul Ball, location: 2F
1-2: Ball
2-2: Ball
3-2: Strikes out looking
Batting: RHB Logan Johnson 0-0: Called Strike
0-1: DOUBLE (Flyball, 8RXD, EV 106.2 MPH)
Batting: LHB Willie Bonilla 0-0: Foul Ball, location: 2F
0-1: Swinging Strike
0-2: Reached on error, E3 (Groundball, 34, EV 106.9 MPH)
Logan Johnson to third
Pinch Hitting: SHB Jun Carvajal 0-0: Foul Ball, location: 2F
0-1: Ball
1-1: Swinging Strike
1-2: Ball
2-2: Ball
3-2: Foul Ball, location: 2F
3-2: Fly out, F8 (Flyball, 78D, EV 99.4 MPH)
Runner from 3rd tags up, SCORES, throw by CF
Pitching: RHP Maurice Heidbreder
Batting: RHB Cuauhtémoc Morin 0-0: Ball
1-0: Ball
2-0: Ball
3-0: Base on Balls
Willie Bonilla to second
Batting: RHB Joe Deshane 0-0: Called Strike
0-1: Swinging Strike
0-2: Strikes out swinging
Bottom of the 7th over - 1 run, 1 hit, 1 error, 2 left on base; Rancho Cucamonga 3 - Lancaster 2
TOP OF THE 8TH
Rancho Cucamonga Rattlers batting - Pitching for Lancaster JetHawks : RHP Max Carrera
Now at 2B: Wyatt Scott
Batting: RHB Van Munoz 0-0: Foul Ball, location: 2F
0-1: Foul Ball, location: 2F
0-2: Ball
1-2: Strikes out looking
Batting: RHB Adam Cross 0-0: Ball
1-0: Ball
2-0: Ball
3-0: Called Strike
3-1: Fly out, F7 (Line Drive, 8LM, EV 96.9 MPH)
Batting: RHB Yasiel Ramos 0-0: Called Strike
0-1: Ball
1-1: Ground out 5-3 (Groundball, 56, EV 80.0 MPH)
Top of the 8th over - 0 runs, 0 hits, 0 errors, 0 left on base; Rancho Cucamonga 3 - Lancaster 2
BOTTOM OF THE 8TH
Lancaster JetHawks batting - Pitching for Rancho Cucamonga Rattlers : RHP Maurice Heidbreder
Batting: RHB Ángelo Pérez 0-0: Called Strike
0-1: Ball
1-1: Fly out, F7 (Flyball, 78M, EV 91.9 MPH)
Batting: LHB Dennie Knapp 0-0: Foul Ball, location: 2F
0-1: Foul Ball, location: 2F
0-2: Ball
1-2: Ball
2-2: Strikes out looking
Batting: RHB Tucker Gregory 0-0: Ball
1-0: Fly out, F8 (Line Drive, 8LD, EV 108.1 MPH)
Bottom of the 8th over - 0 runs, 0 hits, 0 errors, 0 left on base; Rancho Cucamonga 3 - Lancaster 2
TOP OF THE 9TH
Rancho Cucamonga Rattlers batting - Pitching for Lancaster JetHawks : RHP Max Carrera
Batting: LHB Jose Alberto Silva 0-0: Ball
1-0: Called Strike
1-1: Fly out, F8 (Line Drive, 8RM, EV 90.6 MPH)
Batting: RHB Jim Bosserman 0-0: Ball
1-0: Ball
2-0: Ball
3-0: Foul Ball, location: 2F
3-1: Called Strike
3-2: Base on Balls
Pitching: RHP Sean Rockwell
Batting: RHB Archer Stephenson 0-0: Ball
1-0: Fielders Choice at 2nd, 5-4 (Groundball, 56, EV 102.5 MPH)
Batting: LHB Cato Avila 0-0: Fielders Choice at 2nd, U6 (Groundball, 6M, EV 84.4 MPH)
Top of the 9th over - 0 runs, 0 hits, 0 errors, 1 left on base; Rancho Cucamonga 3 - Lancaster 2
BOTTOM OF THE 9TH
Lancaster JetHawks batting - Pitching for Rancho Cucamonga Rattlers : RHP Maurice Heidbreder
Pitching: RHP Danny Aguilar
Now in LF: Jalen Forsythe
Batting: RHB Jazzy Salazaro 0-0: Foul Ball, location: 2F
0-1: Ball
1-1: Ball
2-1: Swinging Strike
2-2: Ball
3-2: Foul Ball, location: 2F
3-2: SINGLE (Line Drive, 4D, EV 95.0 MPH)
Batting: RHB Logan Johnson 0-0: Bunted foul
0-1: Bunted foul
0-2: Foul Ball, location: 2F
0-2: Ball
1-2: DOUBLE (Line Drive, 89M, EV 98.1 MPH)
Jazzy Salazaro to third
Runner from 3rd tries for Home, SAFE, no throw by CF
Batting: LHB Willie Bonilla 0-0: Called Strike
0-1: Foul Ball, location: 2F
0-2: Strikes out swinging
Batting: LHB Wyatt Scott 0-0: Intentional Walk
Batting: RHB Cuauhtémoc Morin 0-0: Called Strike
0-1: Swinging Strike
0-2: Foul Ball, location: 2F
0-2: Foul Ball, location: 2F
0-2: Strikes out looking
Pinch Hitting: LHB Ron Blackshear 0-0: Ball
1-0: SINGLE (Groundball, 34D, EV 102.5 MPH)
Logan Johnson to third
Wyatt Scott to second
Runner from 3rd tries for Home, SAFE, throw by RF to home
Bottom of the 9th over - 2 runs, 3 hits, 0 errors, 0 left on base; Rancho Cucamonga 3 - Lancaster 4
Game Over ... Lancaster defeats Rancho Cucamonga, 4 to 3
Thursday, April 25th , 2024 - OOTP Baseball 24.11 Build 85